 Dungeon Crawl Stone Soup version 0.31.0-9-g3a7656b989 (webtiles) character file.

Game seed: 17519890534301195340

133 qw the Skirmisher (level 4, -5/25 HPs)
             Began as a Deep Elf Hunter on Feb 2, 2024.
             Slain by Duvessa
             ... wielding a +0 short sword
              (9 damage)
             ... on level 4 of the Dungeon.
             The game lasted 00:00:06 (1299 turns).

qw the Skirmisher (Deep Elf Hunter)                 Turns: 1299, Time: 00:00:07

Health: -5/25      AC:  5    Str: 10    XL:     4   Next: 94%
Magic:  6/6        EV: 11    Int: 14    God:
Gold:   81         SH:  0    Dex: 18    Spells: 3/3 levels left

rFire   . . .        a - +0 shortbow
rCold   . . .        (shield currently unavailable)
rNeg    . . .        h - +0 ring mail
rPois   +            (no helmet)
rElec   .            (no cloak)
rCorr   .            (no gloves)
SInv    .            (no boots)
Will    .....        (no amulet)
Stlth   ++           (no ring)
HPRegen 0.24/turn    (no ring)
MPRegen 0.10/turn

%: no passive effects
@: no status effects
A: camouflage 1, poison resistance
a: no special abilities


You were on level 4 of the Dungeon.
You visited 1 branch of the dungeon, and saw 3 of its levels.

You collected 81 gold pieces.


Innate Abilities, Weirdness & Mutations

Your skin changes colour to match your surroundings (Stealth+).
Your system is resistant to poisons. (rPois)


   Skills:
 - Level 1.5 Fighting
 + Level 8.3 Ranged Weapons
 - Level 2.4 Dodging
 - Level 1.2 Stealth


You had 3 spell levels left.
You didn't know any spells.
Your spell library was empty.

Inventory:

Hand Weapons
 a - a +0 shortbow (weapon)
Armour
 g - a +2 hat of willpower
 h - a +0 ring mail (worn)
Jewellery
 b - a ring of see invisible
 c - a +4 ring of protection
Scrolls
 e - 3 scrolls of identify {unknown}
 f - a scroll of teleportation {unknown}
 k - a scroll of brand weapon {unknown}
Potions
 d - a potion of curing
 i - a potion of berserk rage {unknown}
 j - 2 potions of lignification {unknown}
 l - a potion of invisibility {unknown}

Dungeon Overview and Level Annotations

Branches:
Dungeon (4/15)
 Temple: D:4-7

Altars:

Shops:
D:4 :

Annotations:
D:4 Blork the orc, Dowan, Duvessa


Message History

Enter note:
Enter note: You shoot an arrow.
Blork the orc shouts!
Duvessa shouts!
The arrow hits Dowan.
Dowan is heavily wounded.
Dowan points at Duvessa and mumbles some strange words.
Duvessa seems to speed up.
You shoot an arrow.
The arrow hits Duvessa but does no damage.
You shoot an arrow. The arrow barely misses Duvessa.
The arrow closely misses Dowan.
Duvessa says, "Where magic fails, the sword succeeds!"
Blork the orc casts a spell at you. The puff of flame hits you!
A bombardier beetle comes into view.
Enter note:
Enter note:
Enter note:
Enter note:
Enter note:
1297 ||| RETREEEEATING.
Duvessa says, "My weaknesses are his strengths!"
Dowan mumbles some strange words.
Dowan blinks!
An adder comes into view.
Duvessa hits you with a +0 short sword.
Enter note:
Enter note:
Enter note:
Enter note:
Enter note: You shoot an arrow.
The arrow barely misses Duvessa.
Duvessa barely misses you.
Blork the orc gestures at you while chanting.
The puff of flame hits you!
You shoot an arrow.
The arrow hits Duvessa but does no damage.
Duvessa hits you with a +0 short sword. Duvessa hits you with a +0 short sword!
You die...

..e......#)..##
B.........##...#
...S..........## ####
...............#######...
............#...#...##.#(
......o........#.....##..
........e..........#..#..
........@.........#.....#
.........................
.......[....)............
...%.....................
#........................
........#.........)......
........##...............
............#............
...........#####.........


You could see Duvessa (fast), Blork the orc, Dowan and an adder.

Vanquished Creatures
  A bombardier beetle (D:4)
  A jelly (D:4)
  3 adders (D:2)
  A dart slug (D:2)
  2 ribbon worms (D:2)
  4 orcs (D:4)
  3 endoplasms (D:2)
  A giant cockroach (D:1)
  A goblin (D:4)
  A hobgoblin (D:4)
  4 jackals (D:4)
  5 ball pythons
  2 bats
  3 frilled lizards
  5 kobolds
  4 rats
41 creatures vanquished.

Notes
Turn   | Place    | Note
-------+----------+-------------------------------------------
     0 | D:1      | qw the Deep Elf Hunter began the quest for the Orb.
     0 | D:1      | Reached XP level 1. HP: 12/12 MP: 3/3
     0 | D:1      | 0 ||| qw: Version: 0.3-a-155-g5e7d8dd
     0 | D:1      | 0 ||| qw: Game counter: 247
     0 | D:1      | 0 ||| qw: Melee chars always use a shield: true
     0 | D:1      | 0 ||| qw: God list: Okawaru
     0 | D:1      | 0 ||| qw: Allow faded altars: false
     0 | D:1      | 0 ||| qw: Do Orc after clearing Dungeon:15 true
     0 | D:1      | 0 ||| qw: Do second Lair branch before Depths: true
     0 | D:1      | 0 ||| qw: Lair rune preference: random
     0 | D:1      | 0 ||| qw: Goals: Normal
     0 | D:1      | 0 ||| PLANNING D:1-11
   424 | D:1      | 424 ||| UPGRADING to +0 ring mail.
   434 | D:1      | 434 ||| DROPPING +0 leather armour.
   435 | D:1      | 435 ||| READING scroll labelled ULINOE VISATT.
   436 | D:1      | 436 ||| READING 3 scrolls labelled ZOVYDO TAURCH.
   437 | D:1      | 437 ||| DRINKING 2 grey potions.
   438 | D:1      | 438 ||| DRINKING 2 lumpy amethyst potions.
   438 | D:1      | Gained mutation: You occasionally lose the ability to drink
                  | potions when taking damage. [potion of mutation]
   439 | D:1      | 439 ||| DRINKING potion of mutation.
   439 | D:1      | Lost mutation: You occasionally lose the ability to drink
                  | potions when taking damage. [potion of mutation]
   439 | D:1      | Gained mutation: Your system is resistant to poisons.
                  | (rPois) [potion of mutation]
   439 | D:1      | Gained mutation: Your skin changes colour to match your
                  | surroundings (Stealth+). [potion of mutation]
   440 | D:1      | 440 ||| DROPPING scroll of butterflies.
   441 | D:1      | 441 ||| DROPPING 2 scrolls of amnesia.
   482 | D:2      | Reached skill level 6 in Ranged Weapons
   482 | D:2      | Reached XP level 2. HP: 16/16 MP: 4/4
   534 | D:2      | Reached XP level 3. HP: 20/20 MP: 5/5
   779 | D:2      | Reached skill level 7 in Ranged Weapons
   917 | D:2      | You fall into a shaft and drop 2 floors!
   918 | D:4      | 918 ||| PLANNING SEWER
  1059 | D:4      | Reached XP level 4. HP: 25/25 MP: 6/6
  1110 | D:4      | Found Agriach's Tremendous Tomes.
  1291 | D:4      | Reached skill level 8 in Ranged Weapons
  1291 | D:4      | Identified the +3 plate armour of the Byakko {rC+}
  1292 | D:4      | Noticed Dowan
  1293 | D:4      | Noticed Blork the orc
  1294 | D:4      | Noticed Duvessa
  1297 | D:4      | 1297 ||| RETREEEEATING.
  1298 | D:4      | HP: 6/25 [Blork the orc/puff of flame (7)]
  1299 | D:4      | Slain by Duvessa

Levels and vault maps discovered:
D:1:      dpeg_arrival_shrine, layout_rooms, ebering_dispersal_statue_hall,
          hex_tiny, serial_bayou_lagoon_b
D:2:      layout_basic, kennysheep_generic_room_7
D:4:      layout_layer_cave, nemelex_diamond_rough_becter, portal_sewer_entry_d,
          dk_noncrumbling_3, nicolae_shop_i_like_big_books, uniq_blork_the_orc,
          uniq_duvessa

Skill      XL: |  1  2  3  4 |
---------------+-------------+-----
Ranged Weapons | 6 7 8 |  8.3
Fighting       | |  1.5
Dodging        | |  2.4
Stealth        | |  1.2

Action                     |  1- 3 |  4- 6 || total
---------------------------+-------+-------++-------
   Fire: Shortbow          |   116 |    21 ||   137
    Use: Potion            |     3 |       ||     3
         Scroll            |     2 |       ||     2
 Armour: Ring mail         |    43 |     5 ||    48
  Dodge: Dodged            |    49 |     2 ||    51

Table legend:
 A = Non-vault XP
 B = Vault XP
 C = Vault XP percentage of total XP
 D = Non-vault monster count
 E = Vault monster count
 F = Vault count percentage of total count
                 A         B        C        D         E       F
            +---------+---------+-------+---------+---------+-------
      Total |     191 |       0 |   0.0 |      41 |       0 |   0.0
            +---------+---------+-------+---------+---------+-------
        D:1 |      11 |       0 |   0.0 |      10 |       0 |   0.0
        D:2 |      72 |       0 |   0.0 |      19 |       0 |   0.0
        D:4 |     108 |       0 |   0.0 |      12 |       0 |   0.0
            +---------+---------+-------+---------+---------+-------
